2129 views
Uploaded 2022-12-14 22:29:42
Game version 1.32.10
11:40 long 4on4 ladder game on (8)GolemsInTheMist_LV
Saved by DKnight
2129 views
Uploaded 2022-12-14 22:29:42
Game version 1.32.10
11:40 long 4on4 ladder game on (8)GolemsInTheMist_LV


85 units @ 12k
/ 1.6k
53 buildings @ 9k
/ 4k

| Lesser Clarity Potion | 4 | 280 |
| Boots of Speed | 1 | 250 |
| total: | 5 | 530g |
| Wisp | 16 | 960 | / | 0 |
| Archer | 5 | 650 | / | 50 |
| Huntress | 7 | 1365 | / | 140 |
| Dryad | 2 | 290 | / | 120 |
| total: | 30 | 3265g | / | 310w |
| Altar of Elders | 1 | 180 | / | 50 |
| Moon Well | 4 | 720 | / | 160 |
| Ancient of War | 1 | 150 | / | 60 |
| Hunter's Hall | 1 | 210 | / | 100 |
| Ancient of Wonders | 1 | 90 | / | 30 |
| Tree of Life | 1 | 340 | / | 185 |
| Ancient of Lore | 1 | 155 | / | 145 |
| Tree of Ages | 1 | 320 | / | 180 |
| total: | 10 | 1845g | / | 730w |
| 0:04 | Wisp |
| 0:04 | Wisp |
| 0:13 | Altar of Elders |
| 0:19 | Moon Well |
| 0:26 | Ancient of War |
| 0:32 | Wisp |
| 0:50 | Wisp |
| 0:51 | Wisp |
| 1:23 | Wisp |
| 1:23 | Wisp |
| 1:28 | Archer |
| 1:39 | Moon Well |
| 1:42 | Wisp |
| 1:59 | Moon Well |
| 2:09 | Wisp |
| 2:17 | Force of Nature |
| 2:34 | Archer |
| 2:39 | Wisp |
| 2:39 | Wisp |
| 2:52 | Archer |
| 3:01 | Hunter's Hall |
| 3:32 | Archer |
| 3:32 | Archer |
| 3:55 | Tree of Ages |
| 4:15 | Strength of the Moon |
| 4:21 | Ancient of Wonders |
| 5:01 | Entangling Roots |
| 5:24 | Huntress |
| 5:24 | Huntress |
| 5:26 | Moon Armor |
| 5:27 | Strength of the Wild |
| 5:42 | Lesser Clarity Potion |
| 5:42 | Lesser Clarity Potion |
| 6:22 | Improved Strength of the Moon |
| 6:25 | Ancient of Lore |
| 6:53 | Moon Well |
| 6:58 | Huntress |
| 6:58 | Huntress |
| 7:01 | Force of Nature |
| 7:09 | Lesser Clarity Potion |
| 7:09 | Lesser Clarity Potion |
| 7:39 | Tree of Life |
| 7:55 | Abolish Magic |
| 8:12 | Boots of Speed |
| 9:45 | Dryad |
| 9:45 | Dryad |
| 9:47 | Huntress |
| 9:47 | Huntress |
| 9:47 | Huntress |
| 9:48 | Improved Strength of the Wild |
| 9:49 | Reinforced Hides |
| 9:52 | Entangling Roots |
| 10:31 | Wisp |
| 10:31 | Wisp |
| 10:31 | Wisp |
| 10:31 | Wisp |
| 10:31 | Wisp |
| Right click | 242 |
| Select | 124 |
| Select group | 106 |
| Build/train/purchase | 57 |
| Use ability | 29 |
| Chat | 24 |
| Assign group | 15 |
| Resource trade | 5 |
| Item give/drop | 2 |


| Rod of Necromancy | 1 | 150 |
| Circlet of Nobility | 1 | 175 |
| total: | 2 | 325g |
| Acolyte | 7 | 525 | / | 0 |
| Ghoul | 1 | 120 | / | 0 |
| Crypt Fiend | 4 | 860 | / | 160 |
| Obsidian Statue | 2 | 400 | / | 70 |
| Necromancer | 2 | 290 | / | 40 |
| Goblin Shredder | 1 | 375 | / | 100 |
| total: | 17 | 2570g | / | 370w |
| Spirit Tower | 2 | 290 | / | 80 |
| Graveyard | 1 | 215 | / | 0 |
| Crypt | 1 | 200 | / | 50 |
| Altar of Darkness | 1 | 180 | / | 50 |
| Ziggurat | 7 | 1050 | / | 350 |
| Tomb of Relics | 1 | 130 | / | 30 |
| Necropolis | 1 | 225 | / | 0 |
| Slaughterhouse | 1 | 140 | / | 135 |
| Temple of the Damned | 1 | 155 | / | 140 |
| Boneyard | 3 | 525 | / | 600 |
| Halls of the Dead | 4 | 1280 | / | 840 |
| Black Citadel | 1 | 325 | / | 230 |
| total: | 17 | 2820g | / | 1355w |
| 0:07 | Acolyte |
| 0:08 | Graveyard |
| 0:12 | Crypt |
| 0:22 | Acolyte |
| 0:47 | Altar of Darkness |
| 1:01 | Ziggurat |
| 1:17 | Ghoul |
| 1:30 | Tomb of Relics |
| 1:54 | Crypt Fiend |
| 2:05 | Ziggurat |
| 2:27 | Crypt Fiend |
| 2:50 | Rod of Necromancy |
| 2:53 | Death Coil |
| 3:03 | Crypt Fiend |
| 3:10 | Acolyte |
| 3:43 | Necropolis |
| 3:59 | Unholy Aura |
| 5:03 | Goblin Shredder |
| 5:26 | Halls of the Dead |
| 5:37 | Acolyte |
| 5:37 | Acolyte |
| 5:37 | Acolyte |
| 5:37 | Acolyte |
| 5:54 | Ziggurat |
| 5:55 | Ziggurat |
| 5:55 | Ziggurat |
| 6:12 | Crypt Fiend |
| 6:27 | Ziggurat |
| 6:48 | Spirit Tower |
| 6:48 | Spirit Tower |
| 6:53 | Ziggurat |
| 7:46 | Black Citadel |
| 7:49 | Slaughterhouse |
| 7:58 | Death Coil |
| 8:01 | Temple of the Damned |
| 8:08 | Circlet of Nobility |
| 8:44 | Frost Nova |
| 8:56 | Obsidian Statue |
| 8:56 | Obsidian Statue |
| 9:06 | Necromancer Adept Training |
| 9:07 | Necromancer |
| 9:07 | Necromancer |
| 10:10 | Boneyard |
| 10:11 | Boneyard |
| 10:12 | Boneyard |
| 10:13 | Creature Attack |
| 10:18 | Destroyer Form |
| 10:28 | Backpack |
| 10:30 | Necromancer Master Training |
| 10:38 | Dark Ritual |
| 10:59 | Unholy Aura |
| Right click | 619 |
| Select group | 478 |
| Select | 280 |
| Chat | 74 |
| Build/train/purchase | 67 |
| Misc. action | 60 |
| Assign group | 37 |
| Use ability | 23 |
| Minimap ping | 11 |
| Item give/drop | 1 |


| Rod of Necromancy | 2 | 300 |
| Potion of Healing | 1 | 150 |
| Orb of Corruption | 1 | 375 |
| Scroll of Town Portal | 1 | 350 |
| total: | 5 | 1175g |
| Acolyte | 3 | 225 | / | 0 |
| Ghoul | 2 | 240 | / | 0 |
| Crypt Fiend | 8 | 1720 | / | 320 |
| Obsidian Statue | 1 | 200 | / | 35 |
| Abomination | 2 | 480 | / | 140 |
| total: | 16 | 2865g | / | 495w |
| Nerubian Tower | 1 | 100 | / | 20 |
| Spirit Tower | 1 | 145 | / | 40 |
| Crypt | 1 | 200 | / | 50 |
| Ziggurat | 4 | 600 | / | 200 |
| Graveyard | 1 | 215 | / | 0 |
| Altar of Darkness | 1 | 180 | / | 50 |
| Tomb of Relics | 1 | 130 | / | 30 |
| Slaughterhouse | 1 | 140 | / | 135 |
| Halls of the Dead | 2 | 640 | / | 420 |
| Black Citadel | 2 | 650 | / | 460 |
| total: | 9 | 1465g | / | 465w |
| 0:04 | Acolyte |
| 0:04 | Acolyte |
| 0:09 | Crypt |
| 0:27 | Ziggurat |
| 0:41 | Graveyard |
| 1:09 | Altar of Darkness |
| 1:11 | Ghoul |
| 1:24 | Acolyte |
| 1:29 | Ghoul |
| 1:41 | Tomb of Relics |
| 2:04 | Crypt Fiend |
| 2:32 | Ziggurat |
| 2:34 | Nerubian Tower |
| 3:08 | Rod of Necromancy |
| 3:11 | Death Coil |
| 3:19 | Halls of the Dead |
| 3:39 | Crypt Fiend |
| 4:22 | Crypt Fiend |
| 4:23 | Crypt Fiend |
| 4:36 | Ziggurat |
| 5:35 | Crypt Fiend |
| 5:44 | Spirit Tower |
| 6:16 | Unholy Aura |
| 6:24 | Black Citadel |
| 6:44 | Ziggurat |
| 7:04 | Rod of Necromancy |
| 7:08 | Frost Nova |
| 7:32 | Crypt Fiend |
| 7:54 | Slaughterhouse |
| 8:02 | Scroll of Town Portal |
| 8:18 | Potion of Healing |
| 8:27 | Web |
| 8:58 | Death Coil |
| 9:16 | Obsidian Statue |
| 9:16 | Destroyer Form |
| 9:25 | Abomination |
| 9:30 | Crypt Fiend |
| 9:37 | Orb of Corruption |
| 9:44 | Abomination |
| 10:12 | Crypt Fiend |
| 10:57 | Dark Ritual |
| Right click | 547 |
| Select group | 431 |
| Select | 196 |
| Misc. action | 64 |
| Build/train/purchase | 49 |
| Assign group | 28 |
| Use ability | 13 |
| Item give/drop | 3 |
| Remove unit | 3 |

| Rod of Necromancy | 1 | 150 |
| Sacrificial Skull | 1 | 50 |
| total: | 2 | 200g |
| Acolyte | 7 | 525 | / | 0 |
| Ghoul | 7 | 840 | / | 0 |
| Crypt Fiend | 4 | 860 | / | 160 |
| Necromancer | 2 | 290 | / | 40 |
| Goblin Shredder | 2 | 750 | / | 200 |
| total: | 22 | 3265g | / | 400w |
| Nerubian Tower | 2 | 200 | / | 40 |
| Crypt | 1 | 200 | / | 50 |
| Altar of Darkness | 1 | 180 | / | 50 |
| Ziggurat | 7 | 1050 | / | 350 |
| Tomb of Relics | 1 | 130 | / | 30 |
| Graveyard | 1 | 215 | / | 0 |
| Necropolis | 1 | 225 | / | 0 |
| Temple of the Damned | 1 | 155 | / | 140 |
| Boneyard | 4 | 700 | / | 800 |
| Halls of the Dead | 1 | 320 | / | 210 |
| Black Citadel | 1 | 325 | / | 230 |
| total: | 17 | 2855g | / | 1420w |
| 0:02 | Acolyte |
| 0:02 | Acolyte |
| 0:10 | Crypt |
| 0:12 | Altar of Darkness |
| 0:34 | Ziggurat |
| 0:56 | Ziggurat |
| 1:11 | Ghoul |
| 1:31 | Tomb of Relics |
| 1:35 | Ghoul |
| 1:54 | Ghoul |
| 2:28 | Ghoul |
| 2:30 | Death Coil |
| 2:32 | Rod of Necromancy |
| 2:38 | Graveyard |
| 3:34 | Acolyte |
| 3:59 | Ghoul |
| 4:00 | Acolyte |
| 4:13 | Crypt Fiend |
| 4:22 | Halls of the Dead |
| 4:37 | Nerubian Tower |
| 4:39 | Ghoul |
| 5:25 | Sacrificial Skull |
| 5:35 | Ziggurat |
| 6:03 | Unholy Aura |
| 6:06 | Ziggurat |
| 6:28 | Necropolis |
| 6:42 | Ghoul |
| 7:28 | Goblin Shredder |
| 7:28 | Goblin Shredder |
| 7:32 | Acolyte |
| 7:32 | Acolyte |
| 7:38 | Death Coil |
| 8:06 | Acolyte |
| 8:07 | Nerubian Tower |
| 8:08 | Ziggurat |
| 8:18 | Ziggurat |
| 8:20 | Ziggurat |
| 8:27 | Crypt Fiend |
| 8:29 | Black Citadel |
| 9:31 | Crypt Fiend |
| 9:35 | Temple of the Damned |
| 9:50 | Unholy Aura |
| 9:59 | Crypt Fiend |
| 10:48 | Necromancer |
| 10:49 | Necromancer Adept Training |
| 10:51 | Boneyard |
| 10:53 | Boneyard |
| 10:54 | Boneyard |
| 10:56 | Boneyard |
| 10:59 | Necromancer |
| Right click | 408 |
| Select | 356 |
| Misc. action | 79 |
| Select group | 67 |
| Build/train/purchase | 59 |
| Chat | 56 |
| Assign group | 16 |
| Use ability | 11 |
| Minimap ping | 5 |
| Esc | 1 |
83 units @ 9k
/ 0.5k
35 buildings @ 4.8k
/ 2k

| Wisp | 8 | 480 | / | 0 |
| Archer | 28 | 3640 | / | 280 |
| total: | 36 | 4120g | / | 280w |
| Ancient Protector | 1 | 135 | / | 80 |
| Altar of Elders | 1 | 180 | / | 50 |
| Moon Well | 3 | 540 | / | 120 |
| Ancient of War | 1 | 150 | / | 60 |
| Hunter's Hall | 1 | 210 | / | 100 |
| Tree of Ages | 2 | 640 | / | 360 |
| total: | 7 | 1215g | / | 410w |
| 0:06 | Altar of Elders |
| 0:11 | Wisp |
| 0:11 | Wisp |
| 0:11 | Wisp |
| 0:11 | Wisp |
| 0:11 | Wisp |
| 0:11 | Wisp |
| 0:16 | Wisp |
| 0:21 | Wisp |
| 0:52 | Moon Well |
| 0:59 | Ancient of War |
| 2:03 | Hunter's Hall |
| 2:14 | Archer |
| 2:14 | Archer |
| 2:14 | Archer |
| 2:15 | Archer |
| 2:30 | Moon Well |
| 2:52 | Archer |
| 3:13 | Ancient Protector |
| 3:23 | Trueshot Aura |
| 4:32 | Archer |
| 4:32 | Archer |
| 4:33 | Archer |
| 4:33 | Archer |
| 4:33 | Archer |
| 4:40 | Moon Well |
| 5:03 | Strength of the Moon |
| 5:03 | Moon Armor |
| 5:32 | Archer |
| 5:32 | Archer |
| 5:32 | Archer |
| 5:32 | Archer |
| 6:29 | Archer |
| 6:30 | Archer |
| 6:30 | Archer |
| 6:34 | Tree of Ages |
| 8:26 | Archer |
| 8:26 | Archer |
| 8:26 | Archer |
| 8:26 | Archer |
| 8:27 | Archer |
| 8:37 | Archer |
| 8:37 | Archer |
| 8:37 | Archer |
| 9:45 | Archer |
| 9:45 | Archer |
| 9:45 | Archer |
| 10:01 | Improved Strength of the Moon |
| 10:01 | Improved Moon Armor |
| 10:05 | Searing Arrows |
| Right click | 452 |
| Select | 106 |
| Build/train/purchase | 48 |
| Assign group | 1 |
| Use ability | 1 |
| Esc | 1 |

| Moonstone | 1 | 50 |
| Scroll of Town Portal | 1 | 350 |
| total: | 2 | 400g |
| Wisp | 12 | 720 | / | 0 |
| Archer | 12 | 1560 | / | 120 |
| Huntress | 2 | 390 | / | 40 |
| total: | 26 | 2670g | / | 160w |
| Altar of Elders | 2 | 360 | / | 100 |
| Moon Well | 3 | 540 | / | 120 |
| Ancient of War | 2 | 300 | / | 120 |
| Hunter's Hall | 1 | 210 | / | 100 |
| Ancient of Wonders | 1 | 90 | / | 30 |
| Ancient of Lore | 2 | 310 | / | 290 |
| Tree of Ages | 1 | 320 | / | 180 |
| total: | 11 | 1810g | / | 760w |
| 0:07 | Wisp |
| 0:09 | Altar of Elders |
| 0:13 | Altar of Elders |
| 0:15 | Moon Well |
| 0:23 | Ancient of War |
| 0:30 | Wisp |
| 0:42 | Wisp |
| 0:56 | Wisp |
| 1:11 | Wisp |
| 1:26 | Wisp |
| 1:28 | Archer |
| 1:48 | Archer |
| 2:06 | Ancient of War |
| 2:15 | Archer |
| 2:22 | Trueshot Aura |
| 2:54 | Moon Well |
| 3:08 | Hunter's Hall |
| 3:40 | Ancient of Wonders |
| 3:43 | Wisp |
| 3:50 | Archer |
| 3:52 | Wisp |
| 3:52 | Wisp |
| 4:26 | Archer |
| 4:28 | Wisp |
| 4:50 | Tree of Ages |
| 4:52 | Searing Arrows |
| 5:05 | Moon Well |
| 5:19 | Strength of the Moon |
| 6:13 | Archer |
| 6:15 | Moon Armor |
| 7:33 | Huntress |
| 7:34 | Archer |
| 7:37 | Ancient of Lore |
| 7:39 | Ancient of Lore |
| 7:42 | Scroll of Town Portal |
| 7:46 | Archer |
| 7:58 | Huntress |
| 8:06 | Archer |
| 8:43 | Moonstone |
| 9:22 | Archer |
| 9:28 | Trueshot Aura |
| 9:40 | Archer |
| 9:59 | Archer |
| 10:17 | Wisp |
| 10:17 | Wisp |
| Right click | 387 |
| Select | 221 |
| Build/train/purchase | 56 |
| Select group | 37 |
| Use ability | 19 |
| Assign group | 18 |
| Misc. action | 3 |
| Esc | 3 |
| Minimap ping | 2 |


| Lesser Clarity Potion | 2 | 140 |
| Scroll of Regeneration | 1 | 100 |
| Boots of Speed | 1 | 250 |
| Periapt of Vitality | 1 | 325 |
| total: | 5 | 815g |
| Peasant | 10 | 750 | / | 0 |
| Footman | 9 | 1215 | / | 0 |
| Priest | 1 | 135 | / | 10 |
| Sorceress | 1 | 155 | / | 20 |
| total: | 21 | 2255g | / | 30w |
| Scout Tower | 2 | 60 | / | 40 |
| Arcane Tower | 2 | 140 | / | 100 |
| Guard Tower | 1 | 70 | / | 50 |
| Farm | 7 | 560 | / | 140 |
| Altar of Kings | 1 | 180 | / | 50 |
| Barracks | 1 | 160 | / | 60 |
| Arcane Vault | 1 | 130 | / | 30 |
| Lumber Mill | 1 | 120 | / | 0 |
| Blacksmith | 1 | 140 | / | 60 |
| Arcane Sanctum | 2 | 300 | / | 280 |
| Workshop | 1 | 140 | / | 140 |
| Keep | 2 | 640 | / | 420 |
| Castle | 1 | 360 | / | 210 |
| total: | 17 | 1790g | / | 800w |
| 0:02 | Peasant |
| 0:02 | Peasant |
| 0:02 | Peasant |
| 0:33 | Farm |
| 0:34 | Altar of Kings |
| 0:36 | Barracks |
| 0:37 | Peasant |
| 0:49 | Peasant |
| 1:04 | Peasant |
| 1:11 | Farm |
| 1:20 | Farm |
| 1:21 | Peasant |
| 1:25 | Peasant |
| 1:39 | Footman |
| 1:41 | Peasant |
| 1:52 | Footman |
| 2:02 | Arcane Vault |
| 2:14 | Footman |
| 2:14 | Footman |
| 2:14 | Footman |
| 2:23 | Peasant |
| 2:28 | Scout Tower |
| 2:40 | Footman |
| 2:47 | Holy Light |
| 2:54 | Arcane Tower |
| 2:58 | Footman |
| 2:58 | Footman |
| 2:59 | Footman |
| 3:20 | Lesser Clarity Potion |
| 3:20 | Scroll of Regeneration |
| 3:51 | Devotion Aura |
| 4:00 | Farm |
| 4:11 | Keep |
| 4:19 | Lesser Clarity Potion |
| 5:14 | Lumber Mill |
| 5:29 | Scout Tower |
| 6:12 | Blacksmith |
| 6:52 | Arcane Sanctum |
| 6:54 | Arcane Sanctum |
| 7:20 | Castle |
| 7:22 | Farm |
| 7:23 | Guard Tower |
| 7:50 | Blizzard |
| 7:52 | Holy Light |
| 7:58 | Farm |
| 8:08 | Farm |
| 8:10 | Priest |
| 8:23 | Sorceress |
| 8:29 | Boots of Speed |
| 8:30 | Periapt of Vitality |
| 8:44 | Workshop |
| 9:06 | Defend |
| Right click | 539 |
| Select | 271 |
| Select group | 268 |
| Build/train/purchase | 52 |
| Misc. action | 47 |
| Assign group | 28 |
| Use ability | 21 |
| Minimap ping | 10 |
| Item give/drop | 1 |
⇛